 Dungeon Crawl Stone Soup version 0.17-a0-1115-g0372368 (webtiles) character file.

2046 RobertPalmer the Bludgeoner (level 9, -1/126 HPs)
             Began as an Ogre Chaos Knight on May 22, 2015.
             Slain by a killer bee (4 damage)
             ... on level 7 of the Dungeon.
             The game lasted 00:17:53 (7551 turns).

RobertPalmer the Bludgeoner (Ogre Chaos Knight)     Turns: 7551, Time: 00:17:54

Health: -1/126     AC: 24    Str: 21    XL:     9   Next: 24%
Magic:  9/9        EV:  1    Int: 19    God:    Xom [..*...]
Gold:   316        SH:  0    Dex: 13    Spells: 2 memorised, 5 levels left

rFire  . . .     SeeInvis .     u - -3 giant spiked club
rCold  + . .     Clarity  .     (armour currently unavailable)
rNeg   + + +     SustAt   .     (no shield)
rPois  +         Gourm    +     (helmet currently unavailable)
rElec  .         Spirit   .     (cloak currently unavailable)
rCorr  .         Warding  .     (gloves unavailable)
rMut   .         NoTele   +     (boots unavailable)
MR     .....                    q - amulet "Yruv Vus" {Gourm rC+ Dex+4}
Stlth  +.........               l - +2 ring of strength
                                k - ring of flight {+Fly, !d}

@: brilliant, lethally poisoned (-1 -> -1), tree-form (expiring), repel
missiles, not resistant to hostile enchantments, very unstealthy
A: unfitting armour, (horns 0), (tough skin 0)
a: Renounce Religion


You were on level 7 of the Dungeon.
You worshipped Xom.
You were a toy of Xom.
You were very hungry.
You were a tree.
You visited 1 branch of the dungeon, and saw 7 of its levels.
You also visited: Bailey.

You collected 316 gold pieces.

Inventory:

Hand weapons
 a - a +1 mace of chaos
 j - a +0 flail
   (You took it off an orc on level 3 of the Dungeon)
 u - a -3 giant spiked club (weapon)
   (You found it on level 6 of the Dungeon)
Missiles
 h - 2 large rocks (quivered) {!d}
Armour
 b - a +2 robe (melded)
 i - a +0 shield
   (You found it on level 3 of the Dungeon)
Jewellery
 d - an uncursed ring of see invisible {sInv, !d}
   (You found it on level 1 of the Dungeon)
 g - an uncursed ring of positive energy {unknown}
   (You found it on level 5 of the Dungeon)
 k - a ring of flight (left branch) {+Fly, !d}
   (You found it on level 4 of the Dungeon)
 l - a +2 ring of strength (right branch)
   (You found it on level 4 of the Dungeon)
 q - the amulet "Yruv Vus" (around neck) {Gourm rC+ Dex+4}
   (You found it on level 6 of the Dungeon)

   [amulet of the gourmand]

   It allows you to eat raw meat even when not hungry.
   It affects your dexterity (+4).
   It protects you from cold.
Magical devices
 f - a wand of polymorph (0)
   (You found it on level 4 of the Dungeon)
Books
 e - the Collected Works on the Unstable Birds
   (You found it on level 5 of the Dungeon)

   Spells                             Type                      Level
   a - Shock                          Conjuration/Air              1
   b - Repel Missiles                 Charms/Air                   2
   c - Sticks to Snakes               Transmutation                2
   d - Hydra Form                     Transmutation                6
   e - Tornado                        Air                          9
 n - a book of Beasts
   (You found it on level 4 of the Dungeon)
 o - a book of Party Tricks
   (You found it on level 4 of the Dungeon)
Comestibles
 c - 5 bread rations {@e1}
 m - 5 fruits


   Skills:
 - Level 4.0 Fighting
 + Level 15.0 Maces & Flails
 - Level 2.1 Dodging


You had 5 spell levels left.
You knew the following spells:

 Your Spells              Type           Power        Failure   Level  Hunger
a - Shock                 Conj/Air       ##..         2%          1    ##.....
d - Repel Missiles        Chrm/Air       ##....       3%          2    ###....


Dungeon Overview and Level Annotations

Branches:
Dungeon (7/15)             Temple (0/1) D:6

Altars:
Elyvilon
Fedhas
Sif Muna
Trog
Yredelemnul


Innate Abilities, Weirdness & Mutations

You are too large for most types of armour.
((You have tough skin (AC +1).))
((You have a pair of small horns on your head.))


Message History

You are not resistant to hostile enchantments.
You feel very unstealthy.
The killer bee buzzes angrily.
You see here a halberd.
You see here a spear.
A killer bee comes into view.
The killer bee closely misses you.
You puncture the killer bee! The killer bee stings you.
The killer bee barely misses you.
You take 5 damage, and have 66/84 hp.
You miss the killer bee. The killer bee stings you. The killer bee stings you!
You take 10 damage, and have 56/84 hp.
You closely miss the killer bee. The killer bee completely misses you.
The killer bee barely misses you.
You closely miss the killer bee. Your headbutt misses the killer bee.
The killer bee stings you.
The killer bee stings you but does no damage.
A killer bee comes into view.
You take 6 damage, and have 51/84 hp.
You barely miss the killer bee.
The killer bee buzzes angrily.
You headbutt the killer bee. The killer bee stings you.
The killer bee barely misses you.
You take 2 damage, and have 49/84 hp.
You completely miss the killer bee. The killer bee stings you!
The killer bee stings you.
You take 10 damage, and have 39/84 hp.
Unknown command.
Drink which item? (? for menu, Esc to quit)
It was a potion of brilliance.
You feel clever all of a sudden.
Xom thinks this is hilarious!
The killer bee stings you! The killer bee stings you.
You take 9 damage, and have 30/84 hp.
Drink which item? (? for menu, Esc to quit)
It was a potion of flight.
You feel very buoyant.
You fly up into the air.
Xom thinks this is hilarious!
The killer bee stings you!
* * * LOW HITPOINT WARNING * * *
The killer bee stings you!
* * * LOW HITPOINT WARNING * * *
You take 17 damage, and have 13/84 hp.
MASSIVE DAMAGE!!
Drink which item? (? for menu, Esc to quit)
It was a potion of lignification.
You turn into a tree.
Your +2 robe melds into your body.
Your roots penetrate the ground.
The killer bee stings you but does no damage. x2
You now have 19/126 hp.
You sock the killer bee!
You kill the killer bee!
Your Maces & Flails skill increases to level 15!
The killer bee stings you but does no damage.
You miss the killer bee.
The killer bee stings you but does no damage.
The killer bee stings you.
* * * LOW HITPOINT WARNING * * *
The killer bee stings you but does no damage.
You take 2 damage, and have 18/126 hp.
You closely miss the killer bee.
The killer bee stings you but does no damage. x2
You barely miss the killer bee.
The killer bee stings you but does no damage. x2
You barely miss the killer bee. The killer bee stings you.
* * * LOW HITPOINT WARNING * * *
The killer bee stings you but does no damage.
You take 3 damage, and have 15/126 hp.
Unknown command.
You miss the killer bee.
The killer bee stings you but does no damage.
The killer bee barely misses you.
Unknown command.
You barely miss the killer bee.
The killer bee stings you but does no damage. x2
You miss the killer bee.
The killer bee stings you but does no damage. x2
Your magical contamination has completely faded away.
You barely miss the killer bee.
The killer bee stings you but does no damage. x2
You sock the killer bee!
The killer bee stings you but does no damage.
The killer bee stings you.
* * * LOW HITPOINT WARNING * * *
You are poisoned.
The killer bee poisons you!
You take 6 damage, and have 10/126 hp.
Wield which item (- for none, * to show all)? (? for menu, Esc to quit)
You are wearing that object!
Okay, then.
You closely miss the killer bee.
Your transformation is almost over.
You feel sick.
The killer bee stings you but does no damage. x2
You barely miss the killer bee.
The killer bee stings you but does no damage. x2
You closely miss the killer bee.
You feel sick. The killer bee stings you.
* * * LOW HITPOINT WARNING * * *
The killer bee stings you.
You die...

#..............
##...........
#............
#..).......%.
##.)∩)....#... #...)....##
## #y.......# ##
#y##.#..## ##.###♣#..#..#
###....#...#..###########
#........#...............
##............#...........
#.......(...###...........
#............###..........
#.............##..........
#........##._.............
#....<..###...##..........


You could see 2 killer bees.

Vanquished Creatures
  A warg (D:6)
  An ice beast (D:7)
  A swamp drake (D:5)
  An orc warrior (Bailey)
  2 phantoms
  A scorpion (D:7)
  3 giant frogs
  A killer bee (D:7)
  A centaur zombie (D:3)
  A crimson imp (D:6)
  2 giant frog skeletons
  An orc priest (D:5)
  A hound (D:4)
  An orc wizard (D:6)
  A worker ant (D:5)
  2 iguanas (D:5)
  A sheep (D:4)
  The ghost of 4thArraOfDagon the Skirmisher, a weakling CeAK of Lugonu (D:4)
  A hound skeleton (D:6)
  6 adders
  A shadow imp (D:6)
  A giant eyeball (D:5)
  A worm (D:2)
  2 giant geckos
  14 orcs
  8 bats
  8 giant cockroaches
  7 goblins
  9 hobgoblins
  7 jackals (D:3)
  A ball python (D:1)
  5 giant newts
  2 gnoll zombies (D:2)
  10 kobolds
  A quokka (D:3)
  4 rats
111 creatures vanquished.

Vanquished Creatures (collateral kills)
  2 orc knights (Bailey)
  5 orc warriors
  A scorpion (D:6)
  2 orc priests (D:6)
  11 orcs
21 creatures vanquished.

Vanquished Creatures (others)
  A shadow imp (Bailey)
  A white imp (D:5)
2 creatures vanquished.

Grand Total: 134 creatures vanquished

Notes
Turn   | Place    | Note
--------------------------------------------------------------
     0 | D:1      | RobertPalmer the Ogre Chaos Knight began the quest for the Orb.
     0 | D:1      | Reached XP level 1. HP: 24/24 MP: 1/1
   133 | D:1      | XOM: harmless Erth miscast
   320 | D:1      | Reached XP level 2. HP: 29/32 MP: 2/2
   742 | D:1      | XOM: divination: detect creatures
   787 | D:2      | Reached skill level 5 in Maces & Flails
   858 | D:2      | XOM: enchant monster (good)
   903 | D:2      | XOM: mild Trmt miscast
   925 | D:2      | Reached XP level 3. HP: 32/39 MP: 3/3
  1037 | D:2      | XOM is BORED!
  1037 | D:2      | XOM: noise
  1117 | D:2      | HP: 7/39 [adder (3)]
  1119 | D:2      | HP: 1/39 [adder (6)]
  1123 | D:2      | Reached skill level 6 in Maces & Flails
  1298 | D:2      | XOM: divination: detect creatures
  1453 | D:2      | Found a basalt altar of Yredelemnul.
  1681 | D:2      | XOM: divination: detect creatures
  1896 | D:2      | XOM: cast spell 'Spider Form'
  2013 | D:3      | XOM: potion effect (might)
  2017 | D:3      | Reached XP level 4. HP: 40/48 MP: 4/4
  2089 | D:3      | Found a blossoming altar of Fedhas.
  2106 | D:3      | Reached skill level 7 in Maces & Flails
  2320 | D:3      | Reached XP level 5. HP: 21/54 MP: 5/5
  2414 | D:3      | XOM: divination: detect creatures
  2885 | D:4      | Noticed 4thArraOfDagon's ghost (weakling CeAK)
  2916 | D:4      | Killed 4thArraOfDagon's ghost
  2916 | D:4      | Reached skill level 8 in Maces & Flails
  3499 | D:4      | XOM: harmless Conj miscast
  3823 | D:4      | XOM: harmless Air miscast
  3863 | D:5      | Entered Level 5 of the Dungeon
  3884 | D:5      | Reached XP level 6. HP: 34/62 MP: 6/6
  3901 | D:5      | XOM: severe Erth miscast
  4027 | D:5      | Reached skill level 9 in Maces & Flails
  4039 | D:5      | Identified the Collected Works on the Unstable Birds
  4045 | D:5      | Learned a level 1 spell: Shock
  4048 | D:5      | Learned a level 2 spell: Repel Missiles
  4054 | D:5      | Noticed a phantom
  4081 | D:5      | Killed a phantom
  4192 | D:5      | XOM: colour smoke trail
  4335 | D:5      | Found a white marble altar of Elyvilon.
  4339 | D:5      | XOM: summons friendly white imp
  4361 | D:5      | XOM: enchant monster (good)
  4367 | D:5      | XOM: confusion
  4378 | D:5      | XOM: enchant monster (good)
  4388 | D:5      | Reached skill level 10 in Maces & Flails
  4388 | D:5      | Reached XP level 7. HP: 18/70 MP: 7/7
  4812 | D:5      | Noticed Sigmund
  4826 | D:5      | Found a bloodstained altar of Trog.
  4874 | D:5      | Noticed Sigmund
  4874 | D:5      | Sigmund changed into Sigmund the giant eyeball
  5172 | D:5      | Paralysed by Sigmund for 4 turns
  5178 | D:5      | Killed Sigmund the giant eyeball
  5369 | D:5      | XOM: vitrification
  5480 | D:6      | Got an ancient graven amulet
  5539 | D:6      | Reached skill level 11 in Maces & Flails
  5555 | D:6      | Found a staircase to the Ecumenical Temple.
  5577 | D:6      | XOM: give mutation
  5577 | D:6      | Gained mutation: You have a pair of small horns on your head. [Xom's grace]
  5619 | D:6      | XOM: fake destruction
  5635 | D:6      | XOM: enchant monster (good)
  5639 | D:6      | XOM: god gift: 4 large rocks
  5854 | D:6      | XOM: divination: detect items
  5879 | D:6      | Reached skill level 12 in Maces & Flails
  5879 | D:6      | Reached XP level 8. HP: 39/78 MP: 8/8
  5911 | D:6      | Identified the amulet "Yruv Vus" {Gourm rC+ Dex+4} (You found it on level 6 of the Dungeon)
  5956 | D:6      | XOM: divination: detect creatures
  6069 | D:6      | Found a deep blue altar of Sif Muna.
  6769 | D:6      | XOM: harmless Divn miscast
  6813 | D:7      | Reached skill level 13 in Maces & Flails
  6820 | D:7      | Found a bloodstained altar of Trog.
  6836 | D:7      | XOM: confuse monster(s)
  6839 | D:7      | XOM: enchant monster (good)
  6852 | D:7      | Found a flagged portal.
  6859 | D:7      | XOM: cast spell 'Cause Fear'
  6881 | Bailey   | Entered a bailey
  6881 | Bailey   | Noticed an orc knight
  6895 | Bailey   | XOM: potion effect (heal wounds)
  6960 | Bailey   | XOM: divination: detect items
  7148 | Bailey   | XOM: potion effect (agility)
  7154 | Bailey   | XOM: potion effect (might)
  7157 | Bailey   | XOM: potion effect (agility)
  7164 | Bailey   | Noticed an orc knight
  7302 | Bailey   | XOM: harmless Divn miscast
  7307 | Bailey   | XOM: potion effect (brilliance)
  7312 | Bailey   | XOM: summons friendly shadow imp
  7321 | Bailey   | XOM: silly message
  7325 | Bailey   | XOM: divination: detect creatures
  7328 | Bailey   | XOM: noise
  7342 | Bailey   | XOM: confuse monster(s)
  7342 | Bailey   | Killed an orc knight
  7342 | Bailey   | Reached skill level 14 in Maces & Flails
  7342 | Bailey   | Reached XP level 9. HP: 84/84 MP: 9/9
  7344 | Bailey   | Killed an orc knight
  7362 | Bailey   | Noticed an orc knight
  7369 | Bailey   | Noticed an orc knight
  7537 | D:7      | HP: 20/84 [killer bee (10)]
  7539 | D:7      | Reached skill level 15 in Maces & Flails
  7543 | D:7      | HP: 15/126 [killer bee (4)]
  7548 | D:7      | HP: 10/126 [killer bee (6)]
  7551 | D:7      | HP: 3/126 [killer bee (6)]
  7551 | D:7      | Slain by a killer bee

Vault maps used:
D:1:      dpeg_arrival_concentric_ovals
D:2:      lemuel_zombie_altar_yredelemnul
D:3:      fedhas_altar_2
D:4:      first_bread, minmay_misc_feat_encased, mrwooster_statue_mirror,
          minmay_misc_feat_ornament
D:5:      lemuel_crystal_altar, lemuel_crystal_altar, uniq_sigmund
D:6:      temple_statues, basic_altar
D:7:      enter_bailey_2, trog_three_pillars_becter
Bailey:   bailey_polearm_4, bailey

Action                   |  1- 3 |  4- 6 |  7- 9 || total
-------------------------+-------+-------+-------++-------
Melee: Mace              |    91 |   185 |    49 ||   325
       Flail             |       |       |    50 ||    50
       Giant spiked club |       |       |    51 ||    51
Throw: Large rock        |       |       |    13 ||    13
 Cast: Repel Missiles    |       |     1 |     3 ||     4
 Abil: Evoke Flight      |       |       |     1 ||     1
Evoke: Wand              |       |     3 |     4 ||     7
  Use: Scroll            |     6 |    10 |     6 ||    22
       Potion            |     1 |     3 |     5 ||     9
 Stab: Paralysed         |     3 |     5 |       ||     8
       Petrifying        |       |     1 |       ||     1
       Sleeping          |       |       |     1 ||     1
  Eat: Meat ration       |     1 |     1 |       ||     2
       Chunk             |     1 |       |    16 ||    17

Vault maps used:
D:1:      dpeg_arrival_concentric_ovals
D:2:      lemuel_zombie_altar_yredelemnul
D:3:      fedhas_altar_2
D:4:      first_bread, minmay_misc_feat_encased, mrwooster_statue_mirror,
          minmay_misc_feat_ornament
D:5:      lemuel_crystal_altar, lemuel_crystal_altar, uniq_sigmund
D:6:      temple_statues, basic_altar
D:7:      enter_bailey_2, trog_three_pillars_becter
Bailey:   bailey_polearm_4, bailey

Table legend:
 A = Turns spent in this place as a percentage of turns spent in the entire game.
 B = Non-inter-level travel turns spent in this place as a percentage of non-inter-level travel turns spent in the entire game.
 C = Inter-level travel turns spent in this place as a percentage of turns spent in this place.
 D = Turns resting spent in this place as a percentage of non-inter-level travel turns spent in this place.
 E = Turns spent auto-exploring this place as a percentage of non-inter-level travel turns spent in this place.
 F = Non-inter-level travel turns spent in this place divided by the number of levels of this place that you've seen.
                   A       B       C       D       E      F
               +-------+-------+-------+-------+-------+----------------------
         Total | 100.0 | 100.0 |   0.5 |   2.4 |   9.8 | 258.1
       Dungeon |  89.8 |  89.8 |   0.6 |   2.0 |  10.9 | 264.9
        Bailey |  10.2 |  10.2 |   0.0 |   6.2 |   0.0 | 211.0
               +-------+-------+-------+-------+-------+----------------------

Table legend:
 A = Kills in this place as a percentage of kills in entire the game.
 B = Kills by you in this place as a percentage of kills by you in the entire game.
 C = Kills by friends in this place as a percentage of kills by friends in the entire game.
 D = Other kills in this place as a percentage of other kills in the entire game.
 E = Experience gained in this place as a percentage of experience gained in the entire game.
 F = Experience gained in this place divided by the number of levels of this place that you have seen.
                   A       B       C       D       E      F
               +-------+-------+-------+-------+-------+----------------------
         Total | 100.0 | 100.0 | 100.0 |  -nan | 100.0 | 365.5
       Dungeon |  92.4 |  98.2 |  61.9 |  -nan |  68.4 | 285.6
        Bailey |   7.6 |   1.8 |  38.1 |  -nan |  31.6 | 925.0
               +-------+-------+-------+-------+-------+----------------------
